 Dungeon Crawl Stone Soup version 0.25.0-9-g26727b657a (webtiles) character file.

Game seed: 1783461060308272512

67 Delamore the Cudgeler (level 4, 0/28 HPs)
             Began as a Gargoyle Fighter on June 17, 2020.
             Slain by a sky beast (2 damage)
             ... on level 2 of the Dungeon.
             The game lasted 00:01:32 (1511 turns).

Delamore the Cudgeler (Gargoyle Fighter)            Turns: 1511, Time: 00:01:32

Health: 0/28       AC: 11    Str: 21    XL:     4   Next: 16%
Magic:  4/4        EV:  8    Int:  8    God:
Gold:   82         SH:  9    Dex:  9    Spells: 3/3 levels left

rFire    . . .     SeeInvis .   a - +0 flail
rCold    . . .     Gourm    .   c - +0 kite shield
rNeg     + . .     Faith    .   s - +0 ring mail (curse)
rPois    ∞         Spirit   .   g - +0 helmet
rElec    +         Reflect  .   (no cloak)
rCorr    .         Harm     .   k - +0 pair of gloves
MR       .....                  (no boots)
Stlth    ..........             (no amulet)
HPRegen  0.09/turn              (no ring)
MPRegen  0.09/turn              (no ring)

@: no status effects
A: negative energy resistance 1, electricity resistance, unbreathing,
petrification resistance, rot immunity, AC +3
a: no special abilities


You were on level 2 of the Dungeon.
You were not hungry.

You visited 1 branch of the dungeon, and saw 2 of its levels.

You collected 82 gold pieces.

Inventory:

Hand Weapons
 a - a +0 flail (weapon)
Armour
 b - a +0 scale mail
 c - a +0 kite shield (worn)
 g - a +0 helmet (worn)
 k - a +0 pair of gloves (worn)
 s - a cursed +0 ring mail (worn)
Jewellery
 h - an uncursed ring of protection from cold {unknown}
Scrolls
 i - a scroll of remove curse {unknown}
 j - 2 scrolls of teleportation {unknown}
 l - 2 scrolls of enchant weapon {unknown}
 m - a scroll of fog {unknown}
 o - a scroll of noise {unknown}
 r - a scroll of random uselessness {unknown}
Potions
 d - a potion of might
 e - 3 potions of heal wounds {unknown}
 n - 2 potions of berserk rage {unknown}
 p - a potion of curing {unknown}
 t - a potion of degeneration {unknown}
Comestibles
 f - 2 rations
 q - 3 chunks of flesh


   Skills:
 - Level 3.2 Fighting
 + Level 4.3 Maces & Flails
 - Level 3.2 Armour
 - Level 3.2 Shields


You had 3 spell levels left.
You didn't know any spells.
Your spell library was empty.

Dungeon Overview and Level Annotations

Branches:
Dungeon (2/15)

Altars:


Innate Abilities, Weirdness & Mutations

You are resistant to torment.
Your stone body is resilient. (AC +3)
You are immune to poison.
You resist negative energy. (rN+)
You are resistant to electric shocks. (rElec)
You can survive without breathing.
You are immune to petrification.
You are immune to rotting.


Message History

You resist.
You barely miss something.
A sky beast appears from thin air!
Reactivating autopickup.
The sky beast closely misses you.
The sky beast flickers out of sight!
Deactivating autopickup; reactivate with Ctrl-A.
Something hits you but does no damage.
Your shield and ring mail prevent you from hitting something.
Something hits you. Something shocks you. You resist.
* * * LOW HITPOINT WARNING * * *
You completely miss something. Something hits you but does no damage.
You closely miss something. You block something's attack.
You closely miss something.
Something hits you but does no damage. x2
You miss something. Something hits you.
* * * LOW HITPOINT WARNING * * *
Something shocks you. You resist.
* * * LOW HITPOINT WARNING * * *
You closely miss something. Something hits you.
* * * LOW HITPOINT WARNING * * *
Something shocks you. You resist.
You die...

#.# ###### #..
#....# ##'# #%..<#
#... ##....#
########... .....+
.......'... #†...#
########... #{#
#... #@# ######
#... #.## ##≈≈≈≈##
####
#..###≈≈≈≈≈≈###.#
#.........≈≈....##
#..........≈≈.....
#......≈≈...)).(.#
#.....≈..≈≈..≈((.#
#.....≈....≈≈.[..#
#......≈≈⌠.......#


There were no monsters in sight!

Vanquished Creatures
  An adder (D:2)
  2 worms (D:2)
  A dart slug (D:1)
  4 leopard geckos
  3 bats
  6 giant cockroaches
  4 goblins
  7 hobgoblins
  2 jackals (D:1)
  4 kobolds
  A quokka (D:2)
  3 frilled lizards (D:1)
  2 rats (D:2)
40 creatures vanquished.

Notes
Turn   | Place    | Note
-------+----------+-------------------------------------------
     0 | D:1      | Delamore the Gargoyle Fighter began the quest for the Orb.
     0 | D:1      | Reached XP level 1. HP: 14/14 MP: 1/1
    69 | D:1      | Reached XP level 2. HP: 13/19 MP: 2/2
   260 | D:1      | Reached skill level 3 in Maces & Flails
   513 | D:1      | Reached XP level 3. HP: 23/23 MP: 3/3
  1270 | D:2      | Reached skill level 4 in Maces & Flails
  1330 | D:2      | Reached XP level 4. HP: 18/28 MP: 4/4
  1487 | D:2      | Noticed a sky beast
  1511 | D:2      | Slain by a sky beast

Illustrated notes

Levels and vault maps discovered:
D:1:      tarquinn_simple_flora_water_c, layout_loops_ring
D:2:      cheibrodos_helix_gallery, layout_basic

Skill      XL: |  1  2  3 |
---------------+----------+-----
Maces & Flails | 3 4 |  4.3
Fighting       | |  3.2
Armour         | |  3.2
Shields        | |  3.2

Action                   |  1- 3 |  4- 6 || total
-------------------------+-------+-------++-------
Melee: Flail             |   164 |    22 ||   186
  Eat: Chunk             |     2 |       ||     2
Armor: Scale mail        |   103 |       ||   103
       Ring mail         |       |    12 ||    12
Dodge: Dodged            |    79 |     3 ||    82
Block: Kite shield       |   124 |    10 ||   134
